 Dungeon Crawl Stone Soup version 0.28.0-53-g5a82cb258f (webtiles) character file.

Game seed: 16699315766430353145

77 Sin92 the Skirmisher (level 4, -2/35 HPs)
             Began as a Demonspawn Fighter on July 1, 2022.
             Was an Initiate of Ashenzari.
             Slain by a gnoll
             ... wielding a +0 club
              (4 damage)
             ... on level 2 of the Dungeon.
             The game lasted 00:02:07 (1255 turns).

Sin92 the Skirmisher (Demonspawn Fighter)           Turns: 1255, Time: 00:02:08

Health: -2/35      AC:  6    Str: 18    XL:     4   Next: 14%
Magic:  4/4        EV:  9    Int:  9    God:    Ashenzari [......]
Gold:   86         SH:  4    Dex: 13    Spells: 3/3 levels left

rFire   . . .      SeeInvis .   a - +0 war axe
rCold   . . .      Faith    .   c - +0 buckler
rNeg    . . .      Spirit   .   b - +0 scale mail
rPois   .          Reflect  .   (helmet restricted)
rElec   .          Harm     .   (no cloak)
rCorr   .          Rampage  .   (no gloves)
Will    .....                   (no boots)
Stlth   ..........              (no amulet)
HPRegen 0.11/turn               (no ring)
MPRegen 0.09/turn               (no ring)

@: mighty
A: horns 1, demonic magic 2
a: Renounce Religion, Curse Item


You were on level 2 of the Dungeon.
You worshipped Ashenzari.
Ashenzari was noncommittal.
You visited 1 branch of the dungeon, and saw 2 of its levels.

You collected 86 gold pieces.

Inventory:

Hand Weapons
 a - a +0 war axe (weapon)
Armour
 b - a +0 scale mail (worn)
 c - a +0 buckler (worn)
Jewellery
 h - a ring of ice
Potions
 e - a potion of degeneration {unknown}
 f - a potion of berserk rage {unknown}
 g - a potion of curing {unknown}
 k - 2 potions of lignification {unknown}
 l - a potion of mutation {unknown}


   Skills:
 + Level 3.4 Fighting
 + Level 2.3 Axes
 + Level 3.1 Armour
 + Level 1.3 Dodging
 + Level 3.1 Shields


You had 3 spell levels left.
You didn't know any spells.
Your spell library was empty.

Dungeon Overview and Level Annotations

Branches:
Dungeon (2/15)

Altars:
Ashenzari

Shops:
D:1 :


Innate Abilities, Weirdness & Mutations

You have a pair of small horns on your head.
Spells you cast may paralyse nearby enemies.


Message History

Unknown command.
There are monsters nearby!
You are too injured to fight recklessly!
Unknown command.
The frilled lizard hisses angrily.
The gnoll hits you but does no damage.
You feel very mighty all of a sudden. The frilled lizard closely misses you.
You slash the frilled lizard!
You kill the frilled lizard!
You closely miss the gnoll.
The gnoll is lightly wounded.
The gnoll closely misses you. The gnoll barely misses you.
You slash the gnoll!
The gnoll is severely wounded.
The gnoll hits you with a +0 flail.
You slash the gnoll!
You kill the gnoll!
The gnoll hits you from afar with a +0 spear.
* * * LOW HITPOINT WARNING * * *
You slash the gnoll!
You kill the gnoll!
The gnoll barely misses you. The gnoll hits you but does no damage.
You have reached level 4!
You feel agile.
Your demonic ancestry asserts itself...
A pair of horns grows on your head!
Items here: )) ††.
You hit the gnoll. You headbutt the gnoll.
You kill the gnoll!
The gnoll barely misses you.
You closely miss the gnoll. The gnoll hits you with a +0 club.
* * * LOW HITPOINT WARNING * * *
You slash the gnoll!
The gnoll is severely wounded.
The gnoll hits you with a +0 club.
* * * LOW HITPOINT WARNING * * *
You hit the gnoll.
The gnoll is almost dead.
The gnoll hits you with a +0 club.
You die...

.. #...... ......... ##.
#....# #.#..#### . ..
#....# #.#..# # ...###.
#....# #.#..# #
.....r.###....####.#..## #
......g.S†.............###
.....###r####.####........
....####g####......#...###
........)@....######.[.#
...####.####.# #...# ....
#.# #..†... ...... #.#
##..##. ......... ... ...#
......... ... ###..
..###..##.### #.. .. #..
.... #..#


You could see a gnoll, an adder and a rat.

Vanquished Creatures
  3 gnolls (D:2)
  An adder (D:2)
  A worm (D:2)
  2 dart slugs (D:1)
  2 ball pythons
  2 endoplasms (D:1)
  3 giant cockroaches
  2 goblins (D:2)
  6 hobgoblins
  3 kobolds
  A quokka (D:1)
  2 frilled lizards (D:2)
  4 rats (D:1)
32 creatures vanquished.

Notes
Turn   | Place    | Note
-------+----------+-------------------------------------------
     0 | D:1      | Sin92 the Demonspawn Fighter began the quest for the Orb.
     0 | D:1      | Reached XP level 1. HP: 18/18 MP: 1/1
   161 | D:1      | Gained mutation: Spells you cast may paralyse adjacent
                  | enemies. [demonic ancestry]
   161 | D:1      | Reached XP level 2. HP: 24/24 MP: 2/2
   250 | D:1      | Found a faded altar of an unknown god.
   356 | D:1      | Prayed at the altar of an unknown god.
   356 | D:1      | Became a worshipper of Ashenzari the Shackled
   626 | D:1      | Found Xuph's Book Emporium.
   900 | D:2      | Gained mutation: Spells you cast may paralyse nearby
                  | enemies. [demonic ancestry]
   900 | D:2      | Reached XP level 3. HP: 27/29 MP: 3/3
   975 | D:2      | Reached skill level 1 in Dodging
  1251 | D:2      | Gained mutation: You have a pair of small horns on your
                  | head. [demonic ancestry]
  1251 | D:2      | Reached XP level 4. HP: 9/35 MP: 4/4
  1255 | D:2      | Slain by a gnoll

Illustrated notes

Levels and vault maps discovered:
D:1:      lemuel_arrival_tunnels, layout_basic,
          dreamdust_ecumenical_altar_angels_and_demons, serial_shops,
          nicolae_shop_hallway_plus, minmay_close_crescents
D:2:      layout_basic

Skill      XL: |  1  2  3 |
---------------+----------+-----
Axes           | 2 |  2.3
Armour         | 3 |  3.1
Dodging        | 1 |  1.3
Shields        | 3 |  3.1
Fighting       | |  3.4

Action                   |  1- 3 |  4- 6 || total
-------------------------+-------+-------++-------
Melee: War axe           |    74 |     4 ||    78
       Headbutt          |       |     1 ||     1
  Use: Scroll            |     2 |       ||     2
       Potion            |     1 |       ||     1
Armor: Scale mail        |    33 |       ||    33
Dodge: Dodged            |    31 |     1 ||    32
Block: Buckler           |    14 |       ||    14
